 Dungeon Crawl Stone Soup version 0.30.0 (webtiles) character file.

Game seed: 10839572020112211427

229 Dani the Chopper (level 5, 32/41 HPs)
             Began as a Demonspawn Fighter on May 20, 2023.
             Quit the game on level 3 of the Dungeon.
             The game lasted 00:02:38 (1719 turns).

Dani the Chopper (Demonspawn Fighter)               Turns: 1719, Time: 00:02:39

Health: 32/41      AC:  9    Str: 17    XL:     5   Next: 71%
Magic:  5/5        EV:  9    Int: 11    God:
Gold:   51         SH:  4    Dex: 12    Spells: 4/4 levels left

rFire   + . .        a - +0 war axe
rCold   . . .        c - +0 buckler
rNeg    . . .        b - +1 scale mail
rPois   .            (no helmet)
rElec   .            (no cloak)
rCorr   .            (no gloves)
SInv    .            (no boots)
Will    .....        (no amulet) Stlth
                     f - ring of protection from fire
HPRegen 0.26/turn    (no ring)
MPRegen 0.09/turn

%: no passive effects
@: mighty
A: molten scales 1, ignite blood 1
a: no special abilities


You were on level 3 of the Dungeon.
You visited 1 branch of the dungeon, and saw 3 of its levels.

You collected 106 gold pieces.
You spent 55 gold pieces at shops.

Inventory:

Hand Weapons
 a - a +0 war axe (weapon)
Armour
 b - a +1 scale mail (worn)
 c - a +0 buckler (worn)
Jewellery
 f - a ring of protection from fire (left hand)
   (You found it on level 1 of the Dungeon)
 h - a ring of fire
   (You found it on level 2 of the Dungeon)
 i - a +6 ring of intelligence
   (You found it on level 2 of the Dungeon)
 k - a ring of fire
   (You found it on level 2 of the Dungeon)
Scrolls
 R - 2 scrolls of identify {@r1}
Potions
 d - 3 potions of might
 e - a potion of cancellation
 g - a potion of heal wounds {unknown}
 j - a potion of mutation {unknown}
 l - a potion of resistance {unknown}
 m - a potion of curing {unknown}


   Skills:
 - Level 3.0 Fighting
 + Level 5.5 Axes
 - Level 2.6 Armour
 - Level 2.6 Shields


You had 4 spell levels left.
You didn't know any spells.
Your spell library contained the following spells:

 Spells                   Type           Power      Damage    Failure   Level
 Freeze                   Ice            0%         1d3       83%         1
 Frozen Ramparts          Ice            0%         1d1       99%         3
 Hailstorm                Conj/Ice       0%         3d3       99%         3


Dungeon Overview and Level Annotations

Branches:
Dungeon (3/15)

Altars:

Shops:
D:2 *   D:3 =


Innate Abilities, Weirdness & Mutations

You are partially covered in molten scales. (AC +2)
Your demonic aura sometimes causes spilled blood to erupt in flames.


Message History

You block the endoplasm's attack.
You barely miss the endoplasm.
The endoplasm hits you but does no damage. x2
An endoplasm is nearby!
You slash the endoplasm!
You kill the endoplasm!
No target in view!
Key pressed, stopping explore.
No target in view!
m - a ruby potion No target in view!
Key pressed, stopping explore.
No target in view!
Key pressed, stopping explore.
You see here a hobgoblin skeleton.
Done exploring.
There is a stone staircase leading down here.
You climb downwards.
The frilled lizard hisses angrily.
Found a stone staircase leading up.
There is a stone staircase leading up here.
A frilled lizard is nearby!
The frilled lizard barely misses you.
A frilled lizard is nearby!
You closely miss the frilled lizard.
The frilled lizard bites you but does no damage.
A frilled lizard is nearby!
You closely miss the frilled lizard.
The frilled lizard bites you but does no damage.
A frilled lizard is nearby!
You miss the frilled lizard. You block the frilled lizard's attack.
The frilled lizard bites you but does no damage.
A frilled lizard is nearby!
You miss the frilled lizard. You block the frilled lizard's attack.
A frilled lizard is nearby!
You closely miss the frilled lizard.
The frilled lizard bites you but does no damage.
You slash the frilled lizard!
You kill the frilled lizard!
Key pressed, stopping explore.
No target in view!
Key pressed, stopping explore.
No target in view!
Found 5 stones.
Found Difeynos's Jewellery Emporium.
No target in view!
You now have 51 gold pieces (gained 13).
You see here 5 stones.
Key pressed, stopping explore.
No target in view!
There is an entrance to Difeynos's Jewellery Emporium here.
Key pressed, stopping explore.
Key pressed, stopping explore.
Key pressed, stopping explore.
Key pressed, stopping explore.
There is a stone staircase leading up here.
Key pressed, stopping explore.
Key pressed, stopping explore.
No target in view!
Key pressed, stopping explore.
Sigmund the Dreaded comes into view.
He is wielding a +0 scythe and wearing a +1 robe of the Archmagi.
Sigmund shouts!
Sigmund hits you from afar with a +0 scythe.
Sigmund is nearby!
Sigmund is nearby!
Sigmund is nearby!
Sigmund is nearby!
You barely miss Sigmund.
Sigmund says, "Now you see me, now you don't..."
You block Sigmund's attack.
You closely miss Sigmund. Sigmund casts a spell at you.
The magic dart hits you but does no damage.
You slash Sigmund!
Sigmund is moderately wounded.
Sigmund mumbles some strange words.
Sigmund flickers and vanishes!
Deactivating autopickup; reactivate with Ctrl-A.
Something hits you.
No target in view!
No target in view!
No target in view!
You feel very mighty all of a sudden.
Throw: throwing net
Press: ? - help, Q - select action Shift-Dir - straight line You throw a throwing net.
Something gets caught in the net!
Something wriggles in the net.
You barely miss something.
Something wriggles in the net. x2
You slice something!!
Reactivating autopickup.
You feel a bit more experienced.
Your Axes skill gained 2 levels and is now at level 5!
You have reached level 4!
You feel stronger.
You have reached level 5!
Your demonic ancestry asserts itself...
Molten scales grow over part of your body.
Are you sure you want to abandon this character and quit the game? (Confirm with "yes".)
Okay, then.
Are you sure you want to abandon this character and quit the game? (Confirm with "yes".)

#.# ##.# ### ...# ##.##
#..# ##.#.##
#..######.###.##
.........## ##.#######..
#.<######.###.##........
#......###.#............
#.####.# ##.####@######
#.# #.# ### #°# #.# #.#
#.# ..# #.# #.# ### #.#
#.# #.# #.# #.# #.# #.#
#.# #.########


There were no monsters in sight!

Vanquished Creatures
  Sigmund (D:3)
  A worm (D:2)
  A dart slug (D:1)
  6 ball pythons
  5 bats
  2 endoplasms
  A giant cockroach (D:1)
  4 goblins (D:1)
  4 hobgoblins (D:2)
  4 jackals (D:2)
  7 kobolds
  2 quokkas (D:1)
  4 frilled lizards
  2 rats (D:1)
44 creatures vanquished.

Notes
Turn   | Place    | Note
-------+----------+-------------------------------------------
     0 | D:1      | Dani the Demonspawn Fighter began the quest for the Orb.
     0 | D:1      | Reached XP level 1. HP: 18/18 MP: 1/1
    19 | D:1      | Reached skill level 2 in Axes
   156 | D:1      | Gained mutation: Your demonic aura sometimes causes spilled
                  | blood to erupt in flames. [demonic ancestry]
   156 | D:1      | Reached XP level 2. HP: 23/24 MP: 2/2
   617 | D:1      | Reached skill level 3 in Axes
   905 | D:2      | Reached XP level 3. HP: 29/29 MP: 3/3
  1210 | D:2      | Found Koucet's Assorted Antiques.
  1216 | D:2      | Bought a scroll labelled UNUQEU ZUVAOZE for 29 gold pieces
  1216 | D:2      | Bought a viscous golden potion for 26 gold pieces
  1633 | D:3      | Found Difeynos's Jewellery Emporium.
  1710 | D:3      | Noticed Sigmund
  1718 | D:3      | Killed Sigmund
  1719 | D:3      | Reached skill level 5 in Axes
  1719 | D:3      | Reached XP level 4. HP: 27/35 MP: 4/4
  1719 | D:3      | Gained mutation: You are partially covered in molten
                  | scales. (AC +2) [demonic ancestry]
  1719 | D:3      | Reached XP level 5. HP: 32/41 MP: 5/5
  1719 | D:3      | Quit the game

Illustrated notes

Levels and vault maps discovered:
D:1:      saegor_arrival_miasma, layout_basic
D:2:      layout_loops_ring, serial_shops, shop, guppyfry_early_lair_pool
D:3:      layout_loops_ring, mainiacjoe_overflow_24_doors, serial_shops, shop,
          kennysheep_jessica_study, uniq_sigmund

Skill      XL: |  1  2  3 |
---------------+----------+-----
Axes           | 2 3 5 |  5.5
Fighting       | |  3.0
Armour         | |  2.6
Shields        | |  2.6

Action                     |  1- 3 |  4- 6 || total
---------------------------+-------+-------++-------
  Melee: War axe           |   135 |       ||   135
  Throw: Throwing net      |     1 |       ||     1
    Use: Scroll            |     6 |       ||     6
         Potion            |     1 |       ||     1
 Armour: Scale mail        |    73 |       ||    73
  Dodge: Dodged            |    55 |       ||    55
  Block: Buckler           |    23 |       ||    23

Levels and vault maps discovered:
D:1:      saegor_arrival_miasma, layout_basic
D:2:      layout_loops_ring, serial_shops, shop, guppyfry_early_lair_pool
D:3:      layout_loops_ring, mainiacjoe_overflow_24_doors, serial_shops, shop,
          kennysheep_jessica_study, uniq_sigmund

Table legend: (Time is in decaauts)
 A = Elapsed time spent in this place.
 B = Non-inter-level travel time spent in this place.
 C = Inter-level travel time spent in this place.
 D = Time resting spent in this place.
 E = Time spent auto-exploring this place.
 F = Levels seen in this place.
 G = Mean time per level.
                   A        B        C        D        E       F      G
               +--------+--------+--------+--------+--------+-----+--------+
         Total |   1771 |   1732 |     39 |      0 |   1382 |   3 |  590.3 |
       Dungeon |   1771 |   1732 |     39 |      0 |   1382 |   3 |  590.3 |
               +--------+--------+--------+--------+--------+-----+--------+

Top non-repeatable levels by time:
     D:1: 918 daAuts
     D:2: 736 daAuts
     D:3: 116 daAuts

Table legend:
 A = Kills in this place as a percentage of kills in the entire game.
 B = Kills by you in this place as a percentage of kills by you in the entire game.
 C = Kills by friends in this place as a percentage of kills by friends in the entire game.
 D = Other kills in this place as a percentage of other kills in the entire game.
 E = Experience gained in this place as a percentage of experience gained in the entire game.
 F = Experience gained in this place divided by the number of levels of this place that you have seen.
                   A       B       C       D       E      F
               +-------+-------+-------+-------+-------+----------------------
         Total | 100.0 | 100.0 |   N/A |   N/A | 100.0 | 109.3
       Dungeon | 100.0 | 100.0 |   N/A |   N/A | 100.0 | 109.3
               +-------+-------+-------+-------+-------+----------------------
